 Dungeon Crawl Stone Soup version 0.19.5 (webtiles) character file.

381 Megalobster the Conjurer (level 6, 0/32 HPs)
             Began as a Deep Elf Conjurer on Apr 19, 2017.
             Killed by divine providence
             ... invoked by an orc priest
              (17 damage)
             ... on level 4 of the Dungeon.
             The game lasted 00:15:57 (4353 turns).

Megalobster the Conjurer (Deep Elf Conjurer)        Turns: 4353, Time: 00:15:58

Health: 0/32       AC:  3    Str:  5    XL:     6   Next: 46%
Magic:  3/16       EV: 13    Int: 22    God:
Gold:   199        SH:  0    Dex: 15    Spells: 5 memorised, 1 level left

rFire  . . .     SeeInvis .     s - -2 trident (curse)
rCold  . . .     Gourm    .     a - +0 robe
rNeg   . . .     Faith    .     (no shield)
rPois  .         Spirit   .     (no helmet)
rElec  .         Reflect  .     n - +0 cloak
rCorr  .         Harm     .     (no gloves)
MR     .....                    (no boots)
Stlth  ++........               (no amulet)
                                (no ring)
                                (no ring)

@: no status effects
A: no striking features
a: no special abilities


You were on level 4 of the Dungeon.
You were not hungry.

You visited 1 branch of the dungeon, and saw 4 of its levels.

You collected 199 gold pieces.

Inventory:

Hand Weapons
 k - a +0 dagger
 s - a cursed -2 trident (weapon)
Missiles
 g - 175 stones (quivered)
Armour
 a - a +0 robe (worn)
 n - a +0 cloak (worn)
Scrolls
 f - a scroll of immolation {unknown}
 h - a scroll of enchant armour {unknown}
 i - 2 scrolls of teleportation {unknown}
 j - 2 scrolls of magic mapping {unknown}
 m - 3 scrolls of identify {unknown}
 o - a scroll of noise {unknown}
 p - a scroll of fear {unknown}
 q - 2 scrolls of remove curse {unknown}
Potions
 e - a potion of cancellation {unknown}
 l - a potion of heal wounds
 r - a potion of lignification {unknown}
 u - a potion of degeneration {unknown}
 v - 2 potions of might {unknown}
Books
 b - a book of Conjurations

   Spells                             Type                      Level
   a - Magic Dart                     Conjuration                  1
   b - Searing Ray                    Conjuration                  2
   c - Dazzling Spray                 Conjuration/Hexes            3
   d - Fulminant Prism                Conjuration/Hexes            4
   e - Iskenderun's Mystic Blast      Conjuration                  4
   f - Iskenderun's Battlesphere      Conjuration/Charms           5
Comestibles
 c - 5 bread rations
 d - 6 fruits
 t - 3 chunks of flesh


   Skills:
 - Level 2.4 Dodging
 - Level 2.4 Stealth
 + Level 5.6 Spellcasting
 + Level 7.2 Conjurations
 * Level 2.6 Charms


You had one spell level left.
You knew the following spells:

 Your Spells              Type           Power        Failure   Level  Hunger
a - Magic Dart            Conj           ####         1%          1    None
b - Searing Ray           Conj           #####.       1%          2    None
c - Iskenderun's Mystic   Conj           #####...     6%          4    ####...
d - Iskenderun's Battles  Conj/Chrm      ####....     38%         5    #####..
e - Dazzling Spray        Conj/Hex       ###...       8%          3    ##.....


Dungeon Overview and Level Annotations

Branches:
Dungeon (4/15)
 Temple: D:4-7

Altars:
Fedhas
Nemelex Xobeh
Uskayaw


Message History

The orc priest hits you with a club. x2
You hit the orc priest.
The orc priest is almost dead.
You hear the rusting of a drain nearby.
The orc priest closely misses you. The orc priest completely misses you.
You puncture the orc priest!
You kill the orc priest!
The orc priest hits you with a club.
The orc priest hits you but does no damage.
An orc comes into view. It is wielding a falchion.
The orc shouts!
The orc priest barely misses you.
The orc throws a stone.
The stone closely misses you.
The orc moves out of view.
The orc priest misses you.
You see here a stone.
The orc priest calls down the wrath of Beogh upon you.
Beogh smites you!
Ouch! That really hurt!
You die...

#.#.# #...# ####.o##
.#......# #......#o##
##.....#.o#
##.......##
#....###.##### #....#
##@...##### ##....#
#......... ##.....#
#....####
######......# ###.##
...##..####.######..#
....#.## #.....###.#
......# ##....# #.#
.....## #....# #.#
.....#######)...# #(#


You could see an orc priest and 2 orcs.

Vanquished Creatures
  The ghost of miragecloak the Cudgeler, an amateur HOFi (D:3)
  An orc wizard (D:3)
  2 orc priests
  Terence (D:2)
  4 adders
  4 worms
  A dart slug (D:1)
  11 orcs
  A ball python (D:1)
  7 giant cockroaches
  5 goblins
  9 hobgoblins
  5 jackals (D:2)
  6 kobolds
  2 quokkas
  2 bats
  6 frilled lizards
  6 rats
74 creatures vanquished.

Notes
Turn   | Place    | Note
-------+----------+-------------------------------------------
     0 | D:1      | Megalobster the Deep Elf Conjurer began the quest for the Orb.
     0 | D:1      | Reached XP level 1. HP: 10/10 MP: 6/6
   135 | D:1      | You fall through a shaft!
   576 | D:1      | Reached XP level 2. HP: 15/15 MP: 5/8
   606 | D:1      | Learned a level 2 spell: Searing Ray
  1210 | D:2      | Reached skill level 5 in Conjurations
  1358 | D:2      | Found a sparkling altar of Nemelex Xobeh.
  1627 | D:2      | Reached XP level 3. HP: 19/19 MP: 5/10
  1796 | D:2      | Noticed Terence
  1799 | D:2      | Killed Terence
  1799 | D:2      | Reached XP level 4. HP: 24/24 MP: 1/11
  1995 | D:2      | Found a faded altar of an unknown god.
  1995 | D:2      | Found a hide-covered altar of Uskayaw.
  2023 | D:2      | Found a faded altar of an unknown god.
  2025 | D:2      | Found a faded altar of an unknown god.
  2028 | D:2      | Found a faded altar of an unknown god.
  2343 | D:3      | Found a blossoming altar of Fedhas.
  2362 | D:3      | Learned a level 4 spell: Iskenderun's Mystic Blast
  2416 | D:3      | Reached skill level 6 in Conjurations
  2880 | D:3      | Noticed miragecloak's ghost (amateur HOFi)
  2919 | D:3      | Killed miragecloak's ghost
  2919 | D:3      | Reached skill level 5 in Spellcasting
  2919 | D:3      | Reached skill level 7 in Conjurations
  2919 | D:3      | Reached XP level 5. HP: 4/28 MP: 6/14
  2928 | D:3      | Learned a level 5 spell: Iskenderun's Battlesphere
  3124 | D:3      | Reached XP level 6. HP: 26/32 MP: 8/15
  3142 | D:3      | Learned a level 3 spell: Dazzling Spray
  3183 | D:3      | Reached skill level 1 in Charms
  4353 | D:4      | Killed from afar by an orc priest

Skill      XL: |  1  2  3  4  5  6 |
---------------+-------------------+-----
Conjurations   | 5 7 |  7.2
Spellcasting   | 5 |  5.6
Charms         | 2 |  2.6
Dodging        | |  2.4
Stealth        | |  2.4

Action                   |  1- 3 |  4- 6 || total
-------------------------+-------+-------++-------
Melee: Dagger            |       |     4 ||     4
       Trident           |       |     9 ||     9
 Cast: Magic Dart        |    53 |    75 ||   128
       Searing Ray       |     1 |    15 ||    16
       Iskenderun's Myst |       |     3 ||     3
  Use: Potion            |       |     1 ||     1
  Eat: Chunk             |     1 |     8 ||     9
       Beef jerky        |     1 |       ||     1
Armor: Robe              |     1 |     5 ||     6
Dodge: Dodged            |     6 |    29 ||    35
